 Dungeon Crawl Stone Soup version 0.28.0-53-g5a82cb258f (webtiles) character file.

Game seed: 13548412963031153170

730 Peloso the Slasher (level 7, -1/61 HPs)
             Began as a Minotaur Fighter on June 7, 2022.
             Slain by a mummy (6 damage)
             ... in an ossuary.
             The game lasted 00:06:52 (3386 turns).

Peloso the Slasher (Minotaur Fighter)               Turns: 3386, Time: 00:06:52

Health: -1/61      AC: 12    Str: 20    XL:     7   Next: 44%
Magic:  0/6        EV:  7    Int:  5    God:
Gold:   156        SH:  6    Dex: 18    Spells: 6/6 levels left

rFire   . . .      SeeInvis .   a - +0 long sword
rCold   . . .      Faith    .   c - +0 buckler
rNeg    . . .      Spirit   +   k - +1 chain mail
rPois   .          Reflect  .   (helmet restricted)
rElec   .          Harm     .   (no cloak)
rCorr   .          Rampage  .   u - +0 pair of gloves
Will    .....                   (no boots)
Stlth   ..........              g - amulet of guardian spirit
HPRegen 0.20/turn               f - +6 ring of dexterity
MPRegen 0.10/turn               (no ring)

@: no status effects
A: horns 2, retaliatory headbutt
a: no special abilities


You were in an ossuary.
You visited 1 branch of the dungeon, and saw 5 of its levels.
You also visited: Ossuary.

You collected 156 gold pieces.

Inventory:

Hand Weapons
 a - a +0 long sword (weapon)
Armour
 b - a +0 scale mail
 c - a +0 buckler (worn)
 k - a +1 chain mail (worn)
 u - a +0 pair of gloves (worn)
Jewellery
 f - a +6 ring of dexterity (left hand)
 g - an amulet of guardian spirit (around neck)
 p - a +6 ring of intelligence
Scrolls
 e - a scroll of identify
 o - 2 scrolls of silence
 s - a scroll of vulnerability
Potions
 d - a potion of might
 i - a potion of degeneration {unknown}
 l - a potion of heal wounds {unknown}
 q - a potion of brilliance {unknown}
 t - a potion of cancellation {unknown}
 v - a potion of experience {unknown}


   Skills:
 + Level 5.4 Fighting
 + Level 7.4 Long Blades
 + Level 5.6 Armour
 + Level 0.8 Dodging
 + Level 0.1 Stealth
 + Level 4.8 Shields


You had 6 spell levels left.
You didn't know any spells.
Your spell library contained the following spells:

 Spells                   Type           Power      Damage    Failure   Level
 Scorch                   Fire           0%         2d5       100%        2
 Gell's Gravitas          Tloc           0%         N/A       100%        3
 Lesser Beckoning         Tloc           0%         N/A       100%        3
 Teleport Other           Tloc           0%         N/A       100%        3
 Flame Wave               Conj/Fire      0%         2d4       100%        4
 Summon Cactus Giant      Summ           0%         N/A       100%        6


Dungeon Overview and Level Annotations

Branches:
Dungeon (5/15)            Ossuary (1/1)
 Temple: D:4-7

Altars:
Makhleb
Wu Jian
Yredelemnul
The Shining One


Innate Abilities, Weirdness & Mutations

You have a pair of horns on your head.
You reflexively headbutt those who attack you in melee.


Message History

The orc zombie hits you but does no damage.
The mummy hits you! The orc zombie barely misses you.
The mummy hits you but does no damage.
The orc zombie hits you but does no damage.
A mummy comes into view.
A mummy comes into view.
A mummy comes into view.
You hit the mummy but do no damage. You headbutt the mummy.
The mummy is moderately damaged.
A mummy comes into view.
The mummy hits you! The mummy hits you. The mummy hits you but does no damage.
You hit the mummy.
The mummy is lightly damaged.
The mummy barely misses you.
You slash the mummy! Your headbutt misses the mummy.
The mummy is severely damaged.
You block the mummy's attack. The mummy hits you!
* * * LOW HITPOINT WARNING * * *
You barely miss the mummy.
The mummy is severely damaged.
The mummy hits you but does no damage. You block the mummy's attack.
You hit the mummy. You headbutt the mummy.
You destroy the mummy!
The mummy closely misses you.
Unknown command.
It was a potion of curing.
You feel better. The mummy hits you!
* * * LOW HITPOINT WARNING * * *
You feel better.
You hit the mummy. Your headbutt misses the mummy.
The mummy is moderately damaged.
You barely miss the mummy. Your headbutt misses the mummy.
The mummy is moderately damaged.
The mummy hits you!
* * * LOW HITPOINT WARNING * * *
You hit the mummy.
The mummy is heavily damaged.
The mummy hits you!
You die...

################
##...MMMM@......##
##...MMZ####......#
#....M.##..##......
#.....##....##.....
#.....Z............
##................#
##....MMZ.......#
#+##........##+#
##Z.....##


You could see 7 mummies and an orc zombie.

Vanquished Creatures
  A necrophage (D:5)
  A scorpion (D:5)
  3 hounds
  A human zombie (D:3)
  4 orc priests
  2 iguanas
  3 orc wizards (D:4)
  2 mummies
  3 gnolls (D:4)
  5 adders
  2 worms
  2 dart slugs
  17 orcs
  2 endoplasms (D:1)
  2 giant cockroaches
  5 goblins
  8 hobgoblins
  5 jackals
  3 quokkas
  8 ball pythons
  5 bats
  5 frilled lizards
  3 gnoll zombies (Ossuary)
  A hobgoblin zombie (Ossuary)
  7 kobolds
  2 orc zombies (Ossuary)
  5 rats
107 creatures vanquished.

Notes
Turn   | Place    | Note
-------+----------+-------------------------------------------
     0 | D:1      | Peloso the Minotaur Fighter began the quest for the Orb.
     0 | D:1      | Reached XP level 1. HP: 19/19 MP: 0/0
   173 | D:1      | Reached XP level 2. HP: 27/27 MP: 1/1
   738 | D:2      | Reached XP level 3. HP: 30/33 MP: 2/2
   909 | D:2      | Reached skill level 3 in Long Blades
   973 | D:2      | Found a faded altar of an unknown god.
  1173 | D:2      | Found an ornate altar of the Wu Jian Council.
  1428 | D:3      | Reached XP level 4. HP: 36/40 MP: 3/3
  1558 | D:3      | Reached skill level 4 in Long Blades
  1583 | D:3      | Noticed a human
  1584 | D:3      | Found a runed translucent door.
  1652 | D:3      | Found a basalt altar of Yredelemnul.
  1776 | D:3      | Reached XP level 5. HP: 46/47 MP: 4/4
  2015 | D:4      | Reached skill level 5 in Long Blades
  2096 | D:4      | Reached skill level 5 in Armour
  2128 | D:4      | Found a glowing golden altar of the Shining One.
  2270 | D:4      | Reached XP level 6. HP: 41/53 MP: 5/5
  2580 | D:4      | Reached skill level 6 in Long Blades
  2581 | D:4      | Reached skill level 5 in Fighting
  3029 | D:4      | Found a burning altar of Makhleb.
  3084 | D:5      | Entered Level 5 of the Dungeon
  3100 | D:5      | Reached XP level 7. HP: 61/61 MP: 6/6
  3152 | D:5      | Reached skill level 7 in Long Blades
  3283 | D:5      | Found a sand-covered staircase.
  3301 | Ossuary  | Entered an ossuary
  3386 | Ossuary  | Slain by a mummy

Illustrated notes

Levels and vault maps discovered:
D:1:      dpeg_arrival_shelter, layout_basic, chequers_decorated_corner,
          corexii_hall_statues_x, minmay_octomino_j4
D:2:      layout_basic, basic_altar, shapermc_ecumenical_altar_ellora,
          grunt_ministairs_4, kennysheep_nub
D:3:      layout_basic, dk_yredelemnul_ordeal
D:4:      layout_loops_ring, mainiacjoe_overflow_alcove_2, tso_metal_star,
          minmay_distorted
D:5:      layout_layer_cave, bloody_trog, nicolae_ossuary_entry_giza,
          chequers_serial_rivers_micro_a
Ossuary:  ossuary_tomb_3

Skill      XL: |  1  2  3  4  5  6  7 |
---------------+----------------------+-----
Shields        | 4 |  4.8
Armour         | 4 5 |  5.6
Fighting       | 4 5 |  5.4
Long Blades    | 3 4 5 6 7 |  7.4
Dodging        | |  0.8
Stealth        | |  0.1

Action                   |  1- 3 |  4- 6 |  7- 9 || total
-------------------------+-------+-------+-------++-------
Melee: Long sword        |    87 |   136 |    56 ||   279
       Headbutt          |    10 |    29 |    13 ||    52
  Use: Scroll            |       |     1 |     5 ||     6
       Potion            |       |       |     2 ||     2
Armor: Scale mail        |    16 |       |       ||    16
       Chain mail        |    47 |    61 |    25 ||   133
Dodge: Dodged            |    40 |    34 |    15 ||    89
Block: Buckler           |    27 |    27 |    17 ||    71
